 Dungeon Crawl Stone Soup version 0.31.0 (webtiles) character file.

Game seed: 7858968513635036965

207 qw the Shooter (level 5, -2/33 HPs)
             Began as a Gargoyle Hunter on Jan 20, 2024.
             Slain by a goblin
             ... wielding a +0 dagger
             ... led by Robin
              (5 damage)
             ... on level 4 of the Dungeon.
             The game lasted 00:00:11 (2636 turns).

qw the Shooter (Gargoyle Hunter)                    Turns: 2636, Time: 00:00:12

Health: -2/33      AC: 10    Str: 14 (15) XL:     5   Next: 85%
Magic:  5/5        EV: 11    Int:  9      God:
Gold:   66         SH:  0    Dex: 12 (15) Spells: 4/4 levels left

rFire   + . .        a - +0 shortbow
rCold   . . .        (shield currently unavailable)
rNeg    + . .        b - +0 leather armour {rF+}
rPois   inf          (no helmet)
rElec   +            e - +0 cloak
rCorr   .            g - +1 pair of gloves
SInv    .            (no boots)
Will    .....        h - amulet of faith
Stlth   +            (no ring)
HPRegen 0.25/turn    (no ring)
MPRegen 0.09/turn

%: faith
@: no status effects
A: sickness immunity, AC +4, negative energy resistance 1, electricity
resistance, torment resistance 1, petrification resistance
a: no special abilities


You were on level 4 of the Dungeon.
You visited 1 branch of the dungeon, and saw 4 of its levels.

You collected 146 gold pieces.
You spent 80 gold pieces at shops.


Innate Abilities, Weirdness & Mutations

You are immune to sickness and miasma.
Your stone body is resilient. (AC +4)
You are immune to poison.
You resist negative energy. (rN+)
You are resistant to electric shocks. (rElec)
You are resistant to unholy torment.
You are immune to petrification.


   Skills:
 + Level 3.7 Fighting
 - Level 6.1 Ranged Weapons
 - Level 1.1 Armour
 - Level 1.5 Dodging
 - Level 1.1 Stealth


You had 4 spell levels left.
You didn't know any spells.
Your spell library was empty.

Inventory:

Hand Weapons
 a - a +0 shortbow (weapon)
Armour
 b - a +0 leather armour of fire resistance (worn)
 e - a +0 cloak (worn)
 g - a +1 pair of gloves (worn)
 i - a +0 ring mail
Jewellery
 h - an amulet of faith (around neck)
Wands
 m - a wand of charming (12)
Potions
 c - a potion of heal wounds {unknown}
 f - a potion of enlightenment
 k - a potion of berserk rage {unknown}
 l - a potion of mutation {unknown}

Dungeon Overview and Level Annotations

Branches:
Dungeon (4/15)
 Temple: D:4-7

Altars:
Wu Jian
Xom

Shops:
D:1 *

Annotations:
D:4 Robin


Message History

The hobgoblin hits you but does no damage.
Robin hits you but does no damage. The goblin hits you but does no damage.
The hobgoblin hits you but does no damage.
You shoot an arrow. The arrow hits the goblin.
You kill the goblin!
The goblin hits you but does no damage.
The hobgoblin hits you but does no damage.
The hobgoblin barely misses you. Robin completely misses you.
The goblin closely misses you.
You shoot an arrow. The arrow hits the goblin.
The goblin is heavily wounded.
The hobgoblin hits you but does no damage.
The goblin completely misses you. The hobgoblin hits you.
Robin barely misses you. The goblin hits you but does no damage.
You shoot an arrow. The arrow barely misses the goblin.
The goblin misses you.
The hobgoblin hits you but does no damage.
Robin completely misses you. The hobgoblin hits you.
The goblin hits you but does no damage.
You shoot an arrow. The arrow completely misses the goblin.
The goblin hits you with a +0 dagger.
The hobgoblin hits you but does no damage.
Robin says, "A pitiful Gargoyle like you will never find the ORB!"
Robin hits you but does no damage. The goblin hits you with a +0 dagger.
The hobgoblin barely misses you.
You shoot an arrow. The arrow closely misses the goblin.
The goblin hits you but does no damage. The hobgoblin hits you.
Robin hits you from afar with a +0 spear.
The goblin barely misses you. The hobgoblin hits you.
You shoot an arrow. The arrow hits the goblin!
You kill the goblin!
The hobgoblin no longer looks unusually strong.
The hobgoblin misses you. The goblin hits you with a +0 dagger.
Robin hits you but does no damage. The hobgoblin barely misses you.
The goblin barely misses you. The hobgoblin closely misses you.
The hobgoblin hits you but does no damage.
Robin hits you from afar with a +0 spear.
You shoot an arrow. The arrow barely misses the hobgoblin.
The goblin hits you with a +0 dagger.
You die...

#################
.$.).ggg........#
..%..%g@).....#.#
.####.).(####.#.#
..........>....#
####....##.#.###
....#..#.#.#
#.###.#..#.#.# #
#<#.#..#.#.#
#.#.#..#.#.#
#.#.#.##.#.#


You could see Robin, 2 hobgoblins and a goblin (strong).

Vanquished Creatures
  A bombardier beetle (D:3)
  A jelly (D:4)
  An orc priest (D:4)
  An orc wizard (D:3)
  An adder (D:3)
  A dart slug (D:1)
  3 ribbon worms (D:2)
  3 orcs (D:4)
  9 ball pythons
  6 endoplasms
  2 giant cockroaches
  12 goblins
  8 hobgoblins
  3 quokkas
  2 bats
  A frilled lizard (D:1)
  7 kobolds
  A rat (D:3)
63 creatures vanquished.

Notes
Turn   | Place    | Note
-------+----------+-------------------------------------------
     0 | D:1      | qw the Gargoyle Hunter began the quest for the Orb.
     0 | D:1      | Reached XP level 1. HP: 12/12 MP: 1/1
     0 | D:1      | 0 ||| qw: Version: 0.3-a-132-g3d54051
     0 | D:1      | 0 ||| qw: Game counter: 467
     0 | D:1      | 0 ||| qw: Melee chars always use a shield: true
     0 | D:1      | 0 ||| qw: God list: Okawaru
     0 | D:1      | 0 ||| qw: Allow faded altars: false
     0 | D:1      | 0 ||| qw: Do Orc after clearing Dungeon:15 true
     0 | D:1      | 0 ||| qw: Do second Lair branch before Depths: true
     0 | D:1      | 0 ||| qw: Lair rune preference: random
     0 | D:1      | 0 ||| qw: Goals: Normal
     0 | D:1      | 0 ||| PLANNING D:1-11
   206 | D:1      | Reached XP level 2. HP: 17/17 MP: 2/2
   406 | D:1      | Found Koopyedati's Assorted Antiques.
   411 | D:1      | 411 ||| BUYING dented zirconium amulet (80 gold).
   411 | D:1      | Bought a dented zirconium amulet for 80 gold pieces
   411 | D:1      | 411 ||| SHOPLISTING ring mail (64 gold, have 0).
   411 | D:1      | 411 ||| SHOPLISTING scroll labelled GITWES YNNAYFO (16
                  | gold, have 0).
   411 | D:1      | 411 ||| SHOPLISTING scroll labelled NEENIQUSYI (16 gold,
                  | have 0).
   411 | D:1      | 411 ||| SHOPLISTING scroll labelled WOTOKI LAE (16 gold,
                  | have 0).
   630 | D:1      | 630 ||| UPGRADING to +0 cloak.
   635 | D:1      | 635 ||| UPGRADING to amulet of faith.
   640 | D:1      | 640 ||| DROPPING +6 ring of intelligence.
   641 | D:1      | 641 ||| READING 2 scrolls labelled GITWES YNNAYFO.
   641 | D:1      | 641 ||| IDENTIFYING scroll labelled JEXTOXINWO
   642 | D:1      | 642 ||| DROPPING scroll of butterflies.
   643 | D:1      | 643 ||| DROPPING scroll of fog.
   694 | D:2      | Reached XP level 3. HP: 16/21 MP: 3/3
   694 | D:2      | 694 ||| FLEEEEING.
   698 | D:2      | 698 ||| STAIRDANCE
   805 | D:2      | Reached skill level 5 in Ranged Weapons
   826 | D:2      | Found a shimmering altar of Xom.
  1231 | D:2      | Reached skill level 3 in Fighting
  1234 | D:2      | Found a faded altar of an unknown god.
  1400 | D:2      | 1400 ||| UPGRADING to +0 leather armour of fire resistance.
  1410 | D:2      | 1410 ||| DROPPING +0 leather armour.
  1411 | D:2      | 1411 ||| UPGRADING to +0 pair of gloves.
  1416 | D:2      | 1416 ||| READING 2 scrolls of identify.
  1416 | D:2      | 1416 ||| IDENTIFYING bubbling amethyst potion
  1417 | D:2      | 1417 ||| READING scroll of identify.
  1417 | D:2      | 1417 ||| IDENTIFYING metallic blue potion
  1418 | D:2      | 1418 ||| READING scroll labelled WOTOKI LAE.
  1419 | D:2      | 1419 ||| FLEEEEING.
  1421 | D:2      | 1421 ||| READING scroll labelled ZIHEGI EVIJAIL.
  1421 | D:2      | 1421 ||| ENCHANTING +0 pair of gloves.
  1422 | D:2      | 1422 ||| DROPPING potion of attraction.
  1617 | D:3      | Reached skill level 1 in Armour
  1617 | D:3      | Reached XP level 4. HP: 25/28 MP: 4/4
  1635 | D:3      | Found an ornate altar of the Wu Jian Council.
  2197 | D:3      | 2197 ||| READING scroll labelled IHAOW CAMN.
  2198 | D:3      | 2198 ||| READING scroll labelled ATRI XOTUTZUH.
  2199 | D:3      | 2199 ||| FLEEEEING.
  2347 | D:4      | Reached XP level 5. HP: 32/32 MP: 5/5
  2347 | D:4      | 2347 ||| DRINKING gluggy clear potion.
  2348 | D:4      | 2348 ||| FLEEEEING.
  2351 | D:4      | 2351 ||| STAIRDANCE
  2360 | D:3      | 2360 ||| FLEEEEING.
  2371 | D:3      | 2371 ||| FLEEEEING.
  2382 | D:3      | 2382 ||| FLEEEEING.
  2397 | D:3      | 2397 ||| FLEEEEING.
  2408 | D:3      | 2408 ||| FLEEEEING.
  2425 | D:3      | 2425 ||| FLEEEEING.
  2436 | D:3      | 2436 ||| FLEEEEING.
  2447 | D:3      | Reached skill level 6 in Ranged Weapons
  2447 | D:3      | 2447 ||| FLEEEEING.
  2574 | D:4      | 2574 ||| FLEEEEING.
  2619 | D:4      | Noticed Robin
  2634 | D:4      | HP: 4/33 [hobgoblin[Robin] (6)]
  2636 | D:4      | Slain by a goblin

Levels and vault maps discovered:
D:1:      pf_arrival_petrified_forest, layout_basic, serial_shops, shop
D:2:      layout_basic, shapermc_ecumenical_altar_pompeii, basic_altar,
          minmay_misc_feat_tiny
D:3:      layout_loops_corners, marbit_many_paths, st_stairs_3,
          minmay_stone_trees_small
D:4:      minmay_evil_eye, layout_basic, zin_angel, uniq_robin

Skill      XL: |  1  2  3  4  5 |
---------------+----------------+-----
Ranged Weapons | 5 6 |  6.1
Fighting       | 3 |  3.7
Armour         | 1 |  1.1
Dodging        | |  1.5
Stealth        | |  1.1

Action                     |  1- 3 |  4- 6 || total
---------------------------+-------+-------++-------
   Fire: Shortbow          |   132 |   108 ||   240
    Use: Scroll            |     5 |     2 ||     7
         Potion            |       |     1 ||     1
 Armour: Leather armour    |    21 |   112 ||   133
  Dodge: Dodged            |    30 |    32 ||    62

Table legend:
 A = Non-vault XP
 B = Vault XP
 C = Vault XP percentage of total XP
 D = Non-vault monster count
 E = Vault monster count
 F = Vault count percentage of total count
                 A         B        C        D         E       F
            +---------+---------+-------+---------+---------+-------
      Total |     262 |      34 |  11.5 |      52 |      11 |  17.5
            +---------+---------+-------+---------+---------+-------
        D:1 |      27 |       0 |   0.0 |      14 |       0 |   0.0
        D:2 |      48 |       0 |   0.0 |      23 |       0 |   0.0
        D:3 |      95 |      18 |  15.9 |      10 |       3 |  23.1
        D:4 |      92 |      16 |  14.8 |       5 |       8 |  61.5
            +---------+---------+-------+---------+---------+-------
